 Dungeon Crawl Stone Soup version 0.30-a0-1066-g63dfefce0d (webtiles) character file.

Game seed: 5211528334068349169

814 Zeldest the Vexing (level 7, -2/36 HPs)
             Began as a Spriggan Hexslinger on Apr 12, 2023.
             Was a Priest of Sif Muna.
             Succumbed to an orc wizard's poison
             ... on level 4 of the Dungeon.
             The game lasted 00:18:19 (5565 turns).

Zeldest the Vexing (Spriggan Hexslinger)            Turns: 5565, Time: 00:18:20

Health: -2/36      AC:  7    Str:  5    XL:     7   Next: 62%
Magic:  10/10      EV: 22    Int: 21    God:    Sif Muna [***...]
Gold:   231        SH:  0    Dex: 14    Spells: 2/8 levels left

rFire   . . .      SeeInvis +    a - +1 sling
rCold   . . .      Faith    +    (no shield)
rNeg    . . .      Spirit   .    c - +0 robe
rPois   .          Reflect  .    (helmet restricted)
rElec   .          Rampage  .    r - +0 cloak
rCorr   .                        (gloves unavailable)
Will    +....                    (boots unavailable)
Stlth   +                        e - amulet of faith
HPRegen 0.26/turn                i - +4 ring of protection
MPRegen 0.12/turn                v - +5 ring of evasion

@: lethally poisoned (-2 -> -25), attractive, hasted, very quick
A: very small, no large weapons, unfitting armour, see invisible, speed 3,
clever 1
a: Renounce Religion, Channel Magic, Forget Spell


You were on level 4 of the Dungeon.
You worshipped Sif Muna.
Sif Muna was most pleased with you.
You visited 1 branch of the dungeon, and saw 5 of its levels.

You collected 231 gold pieces.

Inventory:

Hand Weapons
 a - a +1 sling (weapon)
 b - a +1 dagger of venom
 h - a +4 dagger
Missiles
 D - a throwing net
Armour
 c - a +0 robe (worn)
 r - a +0 cloak (worn)
Jewellery
 e - an amulet of faith (around neck)
 i - a +4 ring of protection (left hand)
 v - a +5 ring of evasion (right hand)
 w - a ring of fire
 A - a ring of ice
 B - an amulet of magic regeneration
Wands
 y - a wand of polymorph (5)
Scrolls
 f - a scroll of enchant armour {unknown}
 g - a scroll of teleportation {unknown}
 j - 3 scrolls of magic mapping
 l - 2 scrolls of vulnerability {unknown}
 o - a scroll of blinking {unknown}
 q - a scroll of summoning {unknown}
 t - a scroll of poison
 x - a scroll of fog {unknown}
 C - a scroll of enchant weapon {unknown}
Potions
 d - 3 potions of mutation
 k - 3 potions of might
 n - a potion of brilliance
 p - 2 potions of berserk rage


   Skills:
 + Level 3.5 Fighting
 + Level 4.7 Ranged Weapons
 - Level 2.6 Dodging
 - Level 1.3 Spellcasting
 + Level 6.3 Hexes
 + Level 4.6 Translocations
 - Level 1.7 Invocations


You had 2 spell levels left.
You knew the following spells:

 Your Spells              Type           Power      Damage    Failure   Level
a - Slow                  Hex            100%       N/A       1%          1
b - Blink                 Tloc           40%        N/A       3%          2
f - Portal Projectile     Hex/Tloc       48%        N/A       4%          3

Your spell library contained the following spells:

 Spells                   Type           Power      Damage    Failure   Level
 Lesser Beckoning         Tloc           40%        N/A       3%          2
 Momentum Strike          Conj/Tloc      22%        3d8       10%         2
 Summon Small Mammal      Summ           4%         N/A       16%         1
 Cause Fear               Hex            14%        N/A       12%         4
 Inner Flame              Hex/Fire       14%        N/A       13%         3
 Summon Guardian Golem    Hex/Summ       14%        N/A       13%         3
 Call Canine Familiar     Summ           1%         N/A       43%         3
 Hailstorm                Conj/Ice       1%         3d3       43%         3
 Ice Form                 Ice/Tmut       1%         N/A       83%         4
 Simulacrum               Ice/Necr       0%         N/A       100%        6


Dungeon Overview and Level Annotations

Branches:
Dungeon (5/15) Zot: 25210  Temple (0/1) D:5

Altars:
Dithmenos
Fedhas
Gozag
Makhleb
Nemelex Xobeh
Okawaru
Qazlal
Sif Muna
Xom
Zin

Shops:
D:2 [   D:5 ?

Annotations:
D:5 Pikel


Innate Abilities, Weirdness & Mutations

You are very small and have problems with some larger weapons.
You are too small for most types of armour.
You have supernaturally acute eyesight. (SInv)
You cover ground extremely quickly. (Speed+++)
Your mind is acute. (Int +4, Str/Dex -1)


Message History

Okay, then.
It was a potion of haste.
You feel yourself speed up.
You feel very sick.
It was a potion of magic.
Magic courses through your body.
You feel very sick.
The orc wizard hits you with a +2 dagger of venom.
You are lethally poisoned!
It was a potion of attraction.
You feel attractive to monsters.
You feel sick.
Aiming: Polymorph
Press: ? - help, Shift-Dir - straight line, f/p - orc wizard
Aim: an orc wizard, wielding a +2 dagger of venom and wearing a +0 robe (heavily wounded, slightly transparent, slow, will become a scorpion, a killer bee, or an iguana, chance to affect: 49%)
The orc wizard resists with some effort.
You feel sick.
The orc wizard hits you with a +2 dagger of venom.
* * * LOW HITPOINT WARNING * * *
You are more poisoned.
Fire: a) +1 sling
Press: ? - help, Q - select action, (/) - cycle Shift-Dir - straight line, f/p - orc wizard
Aim: an orc wizard, wielding a +2 dagger of venom and wearing a +0 robe (heavily wounded, slightly transparent, slow, 53% to hit)
You shoot a sling bullet.
The sling bullet barely misses the orc wizard.
* * * LOW HITPOINT WARNING * * *
You feel very sick.
Fire: a) +1 sling
Press: ? - help, Q - select action, (/) - cycle Shift-Dir - straight line, f/p - orc wizard
Aim: an orc wizard, wielding a +2 dagger of venom and wearing a +0 robe (heavily wounded, slightly transparent, slow, 53% to hit)
You shoot a sling bullet.
The sling bullet closely misses the orc wizard.
* * * LOW HITPOINT WARNING * * *
You feel very sick.
The orc wizard hits you but does no damage.
You are more poisoned.
Fire: a) +1 sling
Press: ? - help, Q - select action, (/) - cycle Shift-Dir - straight line, f/p - orc wizard
Aim: an orc wizard, wielding a +2 dagger of venom and wearing a +0 robe (heavily wounded, slightly transparent, slow, 53% to hit)
You shoot a sling bullet.
The sling bullet completely misses the orc wizard.
You die...

#.............#
#......# #..
#.#############
#.###### ### ..# #.#
..# ###########.#
.#######.†.......#.#
..#.....)#######.#.#
...####..# #.#.#
.........# #...#####
..######.#
#@......##########
..## #.#
#o#####...........
...# #†# #.#
############
...#####.#######.#
..#........w.....#
.##.##############
....# #####


You could see an orc wizard (invisible, slow).

Vanquished Creatures
  2 black bears
  A sky beast (D:4)
  An ice beast (D:5)
  A lemure (D:5)
  A kobold brigand (D:3)
  An orc priest (D:5)
  A hound (D:4)
  3 iguanas
  2 orc wizards
  3 gnolls (D:5)
  5 adders
  2 worms
  3 dart slugs
  16 orcs
  6 endoplasms
  5 giant cockroaches
  5 goblins
  12 hobgoblins
  2 jackals (D:2)
  10 kobolds
  6 quokkas
  5 ball pythons
  3 bats
  4 frilled lizards
  7 rats
107 creatures vanquished.

Vanquished Creatures (others)
  A plant (D:1)
1 creature vanquished.

Grand Total: 108 creatures vanquished

Notes
Turn   | Place    | Note
-------+----------+-------------------------------------------
     0 | D:1      | Zeldest the Spriggan Hexslinger began the quest for the
                  | Orb.
     0 | D:1      | Reached XP level 1. HP: 9/9 MP: 3/3
    49 | D:1      | Reached skill level 1 in Fighting
    72 | D:1      | Reached XP level 2. HP: 14/14 MP: 5/5
   167 | D:1      | Reached skill level 4 in Hexes
   359 | D:1      | Reached XP level 3. HP: 18/18 MP: 6/6
   591 | D:1      | Found a faded altar of an unknown god.
   603 | D:1      | Prayed at the altar of an unknown god.
   603 | D:1      | Became a worshipper of Sif Muna the Loreminder
   603 | D:1      | Reached * piety under Sif Muna
   965 | D:2      | Found a blossoming altar of Fedhas.
  1095 | D:2      | Found Cebumpaw's Armour Boutique.
  1493 | D:3      | Found a glowing silver altar of Zin.
  1563 | D:3      | Found a burning altar of Makhleb.
  1751 | D:3      | Reached XP level 4. HP: 23/23 MP: 7/7
  1873 | D:3      | Found a shadowy altar of Dithmenos.
  1873 | D:3      | Found an iron altar of Okawaru.
  1882 | D:3      | Found an opulent altar of Gozag.
  1884 | D:3      | Found a sparkling altar of Nemelex Xobeh.
  1886 | D:3      | Found a stormy altar of Qazlal.
  1973 | D:3      | Reached skill level 1 in Invocations
  2090 | D:3      | Reached ** piety under Sif Muna
  2230 | D:4      | Noticed a kobold brigand
  2300 | D:4      | Noticed an acid dragon
  2502 | D:4      | Reached XP level 5. HP: 18/26 MP: 6/8
  2594 | D:4      | Learned a level 2 spell: Blink
  2744 | D:3      | Reached skill level 5 in Hexes
  2744 | D:3      | Reached skill level 1 in Translocations
  3094 | D:5      | Entered Level 5 of the Dungeon
  3150 | D:4      | Reached XP level 6. HP: 32/32 MP: 7/9
  3608 | D:5      | Found Mucoun's Magic Scroll Emporium.
  3997 | D:5      | Learned a level 3 spell: Portal Projectile
  4050 | D:5      | Noticed an ice beast
  4109 | D:5      | Killed an ice beast
  4110 | D:5      | Reached XP level 7. HP: 36/36 MP: 10/10
  4198 | D:5      | Found a staircase to the Ecumenical Temple.
  4408 | D:5      | Noticed Pikel
  4415 | D:5      | Gained mutation: Your mind is acute. (Int +4, Str/Dex -1)
                  | [potion of mutation]
  4585 | D:5      | Found a shimmering altar of Xom.
  4626 | D:5      | Reached *** piety under Sif Muna
  4627 | D:5      | Reached skill level 6 in Hexes
  5565 | D:4      | Succumbed to an orc wizard's poison

Illustrated notes

Levels and vault maps discovered:
D:1:      tarquinn_simple_flora_water_a, layout_loops_ring,
          dilly_ecumenical_altar_fadedgnrine, chequers_serial_rivers_large_b
D:2:      layout_basic, serial_glass, glass_columns_b, glass_columns_b,
          due_unseen_surprise, serial_shops, nicolae_shop_hallway_stairs,
          basic_altar
D:3:      layout_loops_ring, nicolae_overflow_hidden_temple,
          chequers_temple_overflow_minitemple, zin_scriptorium
D:4:      layout_loops_ring, st_stairs_5
D:5:      layout_basic, xom_teletrap_fun, minmay_temple_entry_steel_oval,
          serial_shops, shop, uniq_pikel

Skill      XL: |  1  2  3  4  5  6  7 |
---------------+----------------------+-----
Fighting       | 1 2 3 |  3.5
Hexes          | 4 5 6 |  6.3
Invocations    | 1 |  1.7
Ranged Weapons | 3 4 |  4.7
Translocations | 2 3 4 |  4.6
Dodging        | |  2.6
Spellcasting   | |  1.3

Action                     |  1- 3 |  4- 6 |  7- 9 || total
---------------------------+-------+-------+-------++-------
   Fire: Sling             |   167 |   235 |   180 ||   582
   Cast: Slow              |       |    26 |     4 ||    30
         Blink             |       |       |     2 ||     2
         Portal Projectile |       |       |     2 ||     2
  Evoke: Wand              |       |       |     2 ||     2
    Use: Scroll            |       |       |     5 ||     5
         Potion            |       |       |     4 ||     4
 Armour: Robe              |     5 |    14 |     9 ||    28
  Dodge: Dodged            |    36 |    51 |    53 ||   140

Table legend: (Time is in decaauts)
 A = Elapsed time spent in this place.
 B = Non-inter-level travel time spent in this place.
 C = Inter-level travel time spent in this place.
 D = Time resting spent in this place.
 E = Time spent auto-exploring this place.
 F = Levels seen in this place.
 G = Mean time per level.
                   A        B        C        D        E       F      G
               +--------+--------+--------+--------+--------+-----+--------+
         Total |   4050 |   3903 |    147 |    550 |   1661 |   5 |  810.0 |
       Dungeon |   4050 |   3903 |    147 |    550 |   1661 |   5 |  810.0 |
               +--------+--------+--------+--------+--------+-----+--------+

Top non-repeatable levels by time:
     D:4: 1265 daAuts
     D:5: 1053 daAuts
     D:3: 684 daAuts
     D:1: 634 daAuts
     D:2: 412 daAuts
